 Dungeon Crawl Stone Soup version 0.25-a0-699-g25a338df49 (webtiles) character file.

Game seed: 2698975397430360025, levelgen mode: deterministic

1504 EWolf27 the Basher (level 8, -2/64 HPs)
             Began as a Minotaur Fighter on Apr 1, 2020.
             Was a Believer of Makhleb.
             Slain by a killer bee (8 damage)
             ... on level 5 of the Dungeon on Apr 2, 2020.
             The game lasted 00:17:52 (5908 turns).

EWolf27 the Basher (Minotaur Fighter)               Turns: 5908, Time: 00:17:53

Health: -2/64      AC:  8    Str: 24    XL:     8   Next: 52%
Magic:  7/7        EV: 10    Int:  5    God:    Makhleb [**....]
Gold:   228        SH: 14    Dex:  9    Spells: 7/7 levels left

rFire    . . .     SeeInvis .   b - +6 mace "Hikiw" {vorpal, rC+ rN+}
rCold    + . .     Gourm    .   c - +0 kite shield
rNeg     + . .     Faith    .   z - +0 scale mail
rPois    .         Spirit   .   (helmet restricted)
rElec    .         Reflect  +   r - +0 cloak
rCorr    .         Harm     .   (no gloves)
MR       .....                  (no boots)
Stlth    +.........             k - +5 amulet of reflection
HPRegen  0.20/turn              e - ring of stealth
MPRegen  0.10/turn              u - +3 ring of evasion

@: lethally poisoned (-2 -> -29)
A: retaliatory headbutt, horns 2
a: Minor Destruction, Renounce Religion


You were on level 5 of the Dungeon.
You worshipped Makhleb.
Makhleb was pleased with you.
You were not hungry.

You visited 1 branch of the dungeon, and saw 5 of its levels.

You collected 228 gold pieces.

Inventory:

Hand Weapons
 a - a +0 war axe
 b - the +6 mace "Hikiw" (weapon) {vorpal, rC+ rN+}
   (You took it off a gnoll on level 4 of the Dungeon)

   It inflicts extra damage upon your enemies.
   It protects you from cold.
   It protects you from negative energy.
Missiles
 s - 9 poisoned darts (quivered)
Armour
 c - a +0 kite shield (worn)
 r - a +0 cloak (worn)
 z - a +0 scale mail (worn)
Jewellery
 e - a ring of stealth (left hand)
 k - a +5 amulet of reflection (around neck)
 u - a +3 ring of evasion (right hand)
Wands
 A - a wand of flame (15)
Scrolls
 g - a scroll of enchant armour {unknown}
 h - 2 scrolls of remove curse
 i - a scroll of fog {unknown}
 j - 2 scrolls of identify {unknown}
 l - 3 scrolls of teleportation {unknown}
 t - a scroll of immolation {unknown}
 v - a scroll of enchant weapon {unknown}
 w - a scroll of random uselessness {unknown}
 x - a scroll of amnesia {unknown}
 y - 2 scrolls of blinking
Potions
 d - 2 potions of might
 m - 4 potions of lignification {unknown}
 n - 3 potions of flight {unknown}
 o - a potion of mutation {unknown}
 p - 2 potions of stabbing {unknown}
 q - 2 potions of haste {unknown}
Comestibles
 f - 6 rations


   Skills:
 - Level 3.6 Fighting
 - Level 9.0(10.6) Axes
 + Level 9.3(10.8) Maces & Flails
 - Level 3.6 Armour
 - Level 3.6 Shields


You had 7 spell levels left.
You didn't know any spells.
Your spell library contained the following spells:

 Spells                   Type           Power        Failure   Level  Hunger
 Confusing Touch          Hex            #.......     100%        3    ####...
 Gell's Gravitas          Tloc           #.........   100%        3    ####...
 Petrify                  Tmut/Erth      #.......     100%        4    #####..
 Metabolic Englaciation   Hex/Ice        #.........   100%        5    ######.
 Yara's Violent Unravell  Hex/Tmut       #.........   100%        5    ######.


Dungeon Overview and Level Annotations

Branches:
Dungeon (5/15)
 Temple: D:4-7

Altars:
Makhleb
Vehumet


Innate Abilities, Weirdness & Mutations

You reflexively headbutt those who attack you in melee.
You have a pair of horns on your head.


Message History

You feel sick.
The killer bee stings you but does no damage.
You block the killer bee's attack. The killer bee stings you.
The worker ant closely misses you. The killer bee stings you.
You are lethally poisoned!
The killer bee poisons you! You block the killer bee's attack. x2
You block the worker ant's attack.
You closely miss the worker ant. Your headbutt misses the worker ant.
* * * LOW HITPOINT WARNING * * *
You feel very sick. The killer bee stings you.
* * * LOW HITPOINT WARNING * * *
You block the killer bee's attack. The killer bee closely misses you.
You furiously retaliate!
You headbutt the killer bee! You block the killer bee's attack.
The killer bee stings you!
* * * LOW HITPOINT WARNING * * *
You block the killer bee's attack.
The worker ant bites you but does no damage.
The killer bee stings you!
You die...

..........####
.............#####
......##......(..##
#.....#..........<#
................###
........#.......## #
......a.##...#(..##.###
...###..##...#.yy.....#
...#.##.....#..a@....#
.....##....y#...y..###
...$.###..........##
#........#####((.##
..###...## ##.##
....#... #.# ........
#.# ...##... #.# .....
.#


You could see a worker ant and 3 killer bees.

Vanquished Creatures
  Sigmund (D:5)
  An ice beast (D:4)
  2 ogres (D:4)
  2 centaurs (D:5)
  Blork the orc (D:5)
  A scorpion (D:4)
  3 killer bees
  3 orc wizards
  A hound (D:4)
  An orc priest (D:4)
  A gnoll shaman (D:4)
  Jessica (D:2)
  4 iguanas
  4 worker ants
  A hound skeleton (D:4)
  A mummy (D:4)
  8 gnolls (D:4)
  8 adders
  An ooze (D:3)
  4 worms
  2 dart slugs (D:1)
  A leopard gecko (D:3)
  11 orcs
  2 giant cockroaches (D:3)
  8 goblins
  6 hobgoblins
  6 jackals
  2 quokkas
  A ball python (D:3)
  6 bats
  4 frilled lizards
  4 kobolds
  10 rats
112 creatures vanquished.

Notes
Turn   | Place    | Note
-------+----------+-------------------------------------------
     0 | D:1      | EWolf27 the Minotaur Fighter began the quest for the Orb.
     0 | D:1      | Reached XP level 1. HP: 19/19 MP: 0/0
   345 | D:1      | Reached XP level 2. HP: 24/26 MP: 1/1
   684 | D:2      | Noticed Jessica
   693 | D:2      | Killed Jessica
   693 | D:2      | Reached XP level 3. HP: 31/31 MP: 2/2
   953 | D:2      | Reached skill level 5 in Axes
  1039 | D:2      | Reached XP level 4. HP: 37/39 MP: 3/3
  1351 | D:2      | Found a burning altar of Makhleb,
  1369 | D:2      | Became a worshipper of Makhleb the Destroyer
  2088 | D:3      | Reached XP level 5. HP: 43/45 MP: 4/4
  2424 | D:3      | Reached * piety under Makhleb
  3412 | D:4      | Noticed an ogre
  3419 | D:4      | Killed an ogre
  3419 | D:4      | Reached XP level 6. HP: 37/51 MP: 5/5
  3784 | D:4      | Identified the +6 mace "Hikiw" {vorpal, rC+ rN+}
  4195 | D:4      | Reached skill level 1 in Maces & Flails
  4206 | D:4      | Reached XP level 7. HP: 54/57 MP: 6/6
  4816 | D:5      | Entered Level 5 of the Dungeon
  4834 | D:4      | Reached skill level 5 in Maces & Flails
  4836 | D:4      | Reached ** piety under Makhleb
  5063 | D:5      | Reached XP level 8. HP: 64/64 MP: 7/7
  5071 | D:5      | Noticed Sigmund
  5206 | D:5      | Upgraded the game from 0.25-a0-697-g890751e744 to
                  | 0.25-a0-699-g25a338df49
  5330 | D:5      | Killed Sigmund
  5343 | D:5      | Noticed Blork the orc
  5409 | D:5      | Killed Blork the orc
  5480 | D:5      | Found a radiant altar of Vehumet,
  5908 | D:5      | Slain by a killer bee

Levels and vault maps discovered:
D:1:      beargit_arrival_greenhouse, layout_loops_ring, serial_bayou_pond_a,
          hangedman_decor_points
D:2:      layout_loops_cross, lemuel_coloured_pillars_altar, serial_forest,
          infiniplex_forest_lined_2, infiniplex_forest_lined_ring,
          infiniplex_forest_clump_diagonal, infiniplex_forest_clump_medium,
          infiniplex_forest_lined_4_way, infiniplex_forest_lined_2, uniq_jessica
D:3:      minmay_chambers_of_threes, layout_basic
D:4:      wad_river_or_something, layout_loops_ring, gup_ossuary_entry_pyramid,
          first_ration
D:5:      layout_cave_pools, vehumet_altar_wand_db, tgw_trog,
          grunt_temple_overflow_cloverleaf, serial_column_ruins,
          column_ruins_hut, column_ruins_corridor_corner,
          column_ruins_open_medium, column_ruins_open_medium,
          column_ruins_open_tiny, uniq_sigmund, uniq_blork_the_orc

Skill      XL: |  1  2  3  4  5  6  7  8 |
---------------+-------------------------+-----
Axes           | 3 4 5 6 8 9 |  9.0
Maces & Flails | 1 6 9 |  9.3
Fighting       | |  3.6
Armour         | |  3.6
Shields        | |  3.6

Action                   |  1- 3 |  4- 6 |  7- 9 || total
-------------------------+-------+-------+-------++-------
Melee: War axe           |    41 |    99 |    27 ||   167
       Headbutt          |     6 |    16 |    18 ||    40
       Trident           |       |    54 |       ||    54
       Mace              |       |     4 |    70 ||    74
  Use: Scroll            |       |     1 |     1 ||     2
  Eat: Chunk             |       |     6 |     2 ||     8
       Ration            |       |     2 |     1 ||     3
Armor: Scale mail        |    15 |    57 |    32 ||   104
Dodge: Dodged            |    13 |    49 |    56 ||   118
Block: Kite shield       |    19 |    64 |   118 ||   201
       Reflection        |       |       |     3 ||     3

Table legend:
 A = Non-vault XP
 B = Vault XP
 C = Vault XP percentage of total XP
 D = Non-vault monster count
 E = Vault monster count
 F = Vault count percentage of total count
                 A         B        C        D         E       F
            +---------+---------+-------+---------+---------+-------
      Total |    1423 |     726 |  33.8 |      89 |      23 |  20.5
            +---------+---------+-------+---------+---------+-------
        D:1 |      27 |       0 |   0.0 |      15 |       0 |   0.0
        D:2 |      65 |      37 |  36.3 |      10 |       1 |   9.1
        D:3 |     119 |      29 |  19.6 |      26 |      12 |  31.6
        D:4 |     718 |     333 |  31.7 |      24 |       7 |  22.6
        D:5 |     494 |     327 |  39.8 |      14 |       3 |  17.6
            +---------+---------+-------+---------+---------+-------
